 Dungeon Crawl Stone Soup version 0.18.1-47-g9310371 (webtiles) character file.

837 Gagarin the Covered (level 7, -2/62 HPs)
             Began as a Minotaur Fighter on June 12, 2016.
             Was a Follower of Okawaru.
             Slain by an orc warrior
             ... wielding a +0 flail
              (12 damage)
             ... on level 6 of the Dungeon on June 13, 2016.
             The game lasted 00:18:43 (5489 turns).

Gagarin the Covered (Minotaur Fighter)              Turns: 5489, Time: 00:18:44

Health: -2/62      AC:  7    Str: 21    XL:     7   Next: 66%
Magic:  6/6        EV:  9    Int:  6    God:    Okawaru [*.....]
Gold:   288        SH: 10    Dex: 10    Spells: 0 memorised, 6 levels left

rFire  . . .     SeeInvis .     a - +0 war axe
rCold  . . .     Gourm    .     b - +0 scale mail
rNeg   . . .     Faith    .     c - +0 shield
rPois  .         Spirit   .     (helmet restricted)
rElec  .         Dismiss  .     (no cloak)
rCorr  .         Reflect  .     (no gloves)
SustAt .         Harm     .     (no boots)
MR     .....                    (no amulet)
Stlth  ..........               (no ring)
                                (no ring)

@: not resistant to hostile enchantments, extremely unstealthy
A: retaliatory headbutt, horns 2
a: Heroism, Renounce Religion


You were on level 6 of the Dungeon.
You worshipped Okawaru.
Okawaru was aware of your devotion.
You were not hungry.

You visited 2 branches of the dungeon, and saw 7 of its levels.

You collected 288 gold pieces.

Inventory:

Hand Weapons
 a - a +0 war axe (weapon)
Missiles
 r - 17 bolts
 y - 8 tomahawks (quivered)
Armour
 b - a +0 scale mail (worn)
 c - a +0 shield (worn)
 s - a +0 pair of boots
Jewellery
 E - an uncursed ring of wizardry {unknown}
 F - a +2 ring of protection {unknown}
Wands
 w - a wand of lightning (6/15)
 A - a wand of teleportation (5/9)
Scrolls
 e - a scroll of magic mapping {unknown}
 h - 5 scrolls of remove curse {unknown}
 i - a scroll of immolation {unknown}
 j - 3 scrolls of enchant armour {unknown}
 o - 3 scrolls of enchant weapon {unknown}
 x - 2 scrolls of identify {unknown}
 C - 3 scrolls of teleportation {unknown}
 H - a scroll of blinking {unknown}
Potions
 d - a potion of might
 g - 4 potions of curing {unknown}
 k - 2 potions of lignification {unknown}
 l - 3 potions of mutation {unknown}
 m - a potion of degeneration {unknown}
 n - a potion of resistance {unknown}
 p - a potion of magic {unknown}
 u - a potion of heal wounds {unknown}
 z - a potion of brilliance {unknown}
 B - a potion of cure mutation {unknown}
 D - a potion of flight {unknown}
Books
 q - a Grand Grimoire

   Spells                             Type                      Level
   a - Monstrous Menagerie            Summoning                    7
   b - Summon Greater Demon           Summoning                    7
   c - Malign Gateway                 Summoning/Translocation      7
   d - Summon Horrible Things         Summoning                    8
Comestibles
 f - 5 bread rations
 t - 2 meat rations
 v - a beef jerky
 G - 13 chunks of flesh


   Skills:
 + Level 5.8 Fighting
 + Level 4.8 Axes
 + Level 6.5 Armour
 + Level 3.0 Dodging
 + Level 0.5 Stealth
 + Level 6.1 Shields


You had 6 spell levels left.
You didn't know any spells.

Dungeon Overview and Level Annotations

Branches:
Dungeon (6/15)             Temple (1/1) D:4

Altars:
Ashenzari
Cheibriados
Fedhas
Gozag
Makhleb
Nemelex Xobeh
Okawaru
Pakellas
Qazlal
Ru
Trog
Vehumet
Xom
Yredelemnul
Zin
The Shining One


Innate Abilities, Weirdness & Mutations

You reflexively headbutt those who attack you in melee.
You have a pair of horns on your head.


Message History

You hit the orc.
The orc is severely wounded.
You hit the orc.
The orc is severely wounded.
The orc barely misses you. The orc closely misses you.
You block the orc warrior's attack. The orc barely misses you.
A goblin comes into view.
You closely miss the orc.
The orc is severely wounded.
Your shield and scale mail prevent you from hitting the orc warrior.
The orc warrior is heavily wounded.
You closely miss the orc.
The orc is severely wounded.
The goblin shouts!
The orc barely misses you. The orc warrior hits you with a flail!!
* * * LOW HITPOINT WARNING * * *
You block the orc's attack. The orc hits you but does no damage.
An iguana comes into view.
The orc warrior hits you with a flail!
You die...

####......#.#.#..................
...#......#.#.........).###......
................>................
.......##.#.#........g.#.....#...
..........#.#....................
..........#.#'#.......##......###
..........#...........##.........
.......##.#....ooo...............
.......##.......@..........#...##
...#............................#
..............[#.###.#..........#
.).......................(.......
.................................
...#######...#.....#.#.........##
#.#..≈≈≈..#.##...........#.....#
.#..≈...≈..#.....<......##.....#
#...≈._.≈...#.##...............##


You could see an orc warrior, 2 orcs and a goblin.

Vanquished Creatures
  3 ogres
  A scorpion (D:4)
  A crimson imp (D:5)
  2 hounds
  2 orc priests (D:4)
  6 worker ants
  12 adders
  A shadow imp (D:6)
  A worm (D:2)
  2 dart slugs
  7 giant geckos
  8 orcs
  9 giant cockroaches
  5 goblins
  14 hobgoblins
  7 jackals
  5 quokkas
  2 ball pythons
  8 bats
  3 giant newts
  A jackal skeleton (D:4)
  10 kobolds
  11 rats
121 creatures vanquished.

Notes
Turn   | Place    | Note
--------------------------------------------------------------
     0 | D:1      | Gagarin the Minotaur Fighter began the quest for the Orb.
     0 | D:1      | Reached XP level 1. HP: 19/19 MP: 0/0
   501 | D:1      | Reached XP level 2. HP: 27/27 MP: 1/1
   619 | D:1      | Found a glowing golden altar of the Shining One.
   881 | D:1      | Reached XP level 3. HP: 27/33 MP: 2/2
  1400 | D:2      | Found a shattered altar of Ashenzari.
  1402 | D:2      | Found a stormy altar of Qazlal.
  1654 | D:2      | Found a snail-covered altar of Cheibriados.
  1729 | D:2      | Reached XP level 4. HP: 35/41 MP: 3/3
  1991 | D:2      | Reached skill level 5 in Armour
  2372 | D:3      | Found a sparkling altar of Nemelex Xobeh.
  2575 | D:4      | Reached skill level 1 in Dodging
  2575 | D:4      | Reached XP level 5. HP: 27/47 MP: 4/4
  2880 | D:4      | Found a staircase to the Ecumenical Temple.
  2885 | Temple   | Entered the Ecumenical Temple
  2923 | Temple   | Became a worshipper of Warmaster Okawaru
  2961 | D:4      | Upgraded the game from 0.18.1-8-gdd0e5ea to 0.18.1-47-g9310371
  3144 | D:4      | Reached skill level 5 in Shields
  3200 | D:4      | Reached XP level 6. HP: 46/55 MP: 5/5
  3456 | D:4      | Reached * piety under Okawaru
  3456 | D:4      | Reached skill level 5 in Fighting
  3755 | D:4      | Found a glowing silver altar of Zin.
  3756 | D:4      | Found an opulent altar of Gozag.
  3821 | D:4      | Reached XP level 7. HP: 26/61 MP: 6/6
  4081 | D:4      | Found a shimmering altar of Xom.
  4187 | D:5      | Entered Level 5 of the Dungeon
  4366 | D:5      | Found a radiant altar of Vehumet.
  5035 | D:6      | Found a sacrificial altar of Ru.
  5210 | D:6      | Found a bloodstained altar of Trog.
  5489 | D:6      | Slain by an orc warrior

Skill      XL: |  1  2  3  4  5  6  7 |
---------------+----------------------+-----
Armour         | 4 5 6 |  6.5
Fighting       | 4 5 |  5.8
Shields        | 4 5 6 |  6.1
Axes           | 3 4 |  4.8
Dodging        | 1 2 3 |  3.0
Stealth        | |  0.5

Action                   |  1- 3 |  4- 6 |  7- 9 || total
-------------------------+-------+-------+-------++-------
Melee: War axe           |   115 |   128 |    75 ||   318
       Headbutt          |    12 |    16 |    20 ||    48
  Eat: Chunk             |     3 |     7 |     5 ||    15
Armor: Scale mail        |    50 |    47 |    38 ||   135
Dodge: Dodged            |    43 |    32 |    40 ||   115
Block: Shield            |    61 |    77 |    47 ||   185
